 Dungeon Crawl Stone Soup version 0.28.0-53-g5a82cb258f (webtiles) character file.

Game seed: 1158735108218358932

18 themarg the Insei (level 2, 0/23 HPs)
             Began as a Gnoll Transmuter on Aug 12, 2022.
             Succumbed to an adder's poison
             ... on level 2 of the Dungeon.
             The game lasted 00:03:08 (1069 turns).

themarg the Insei (Gnoll Transmuter)                Turns: 1069, Time: 00:03:09

Health: 0/23       AC:  2    Str:  9    XL:     2   Next: 70%
Magic:  6/7        EV: 13    Int: 12    God:
Gold:   108        SH:  0    Dex: 12    Spells: 9/10 levels left

rFire   . . .      SeeInvis .   d - +0 short sword
rCold   . . .      Faith    .   (no shield)
rNeg    . . .      Spirit   .   a - +0 robe
rPois   .          Reflect  .   (helmet currently unavailable)
rElec   .          Harm     .   (no cloak)
rCorr   .          Rampage  .   (no gloves)
Will    .....                   (boots currently unavailable)
Stlth   +.........              (no amulet)
HPRegen 0.07/turn               (no ring)
MPRegen 0.10/turn               (no ring)

@: lethally poisoned (0 -> -1), appendages
A: horns 2, talons 2, fangs 1, strong nose, distributed training
a: End Transformation


You were on level 2 of the Dungeon.
You had temporarily grown beastly horns and talons.
You visited 1 branch of the dungeon, and saw 2 of its levels.

You collected 108 gold pieces.

Inventory:

Hand Weapons
 b - a +0 club
 d - a +0 short sword (weapon)
Missiles
 f - 18 stones
Armour
 a - a +0 robe (worn)
 i - a +0 ring mail
Scrolls
 c - a scroll of identify {unknown}
 e - a scroll of acquirement {unknown}
Potions
 g - a potion of cancellation {unknown}
 h - a potion of berserk rage {unknown}


   Skills:
 + Level 2.5 Fighting
 + Level 0.5 Short Blades
 + Level 0.5 Long Blades
 + Level 0.5 Axes
 + Level 0.5 Maces & Flails
 + Level 0.5 Polearms
 + Level 0.5 Staves
 + Level 0.5 Slings
 + Level 0.5 Bows
 + Level 0.5 Crossbows
 + Level 0.5 Throwing
 + Level 0.5 Armour
 + Level 4.5 Dodging
 + Level 0.5 Stealth
 + Level 0.5 Shields
 + Level 6.5 Unarmed Combat
 + Level 4.9 Spellcasting
 + Level 0.3 Conjurations
 + Level 0.3 Hexes
 + Level 0.3 Summonings
 + Level 0.3 Necromancy
 + Level 0.3 Translocations
 + Level 3.7 Transmutations
 + Level 0.3 Fire Magic
 + Level 0.3 Ice Magic
 + Level 0.3 Air Magic
 + Level 0.3 Earth Magic
 + Level 0.3 Poison Magic
 + Level 0.6 Invocations
 + Level 0.5 Evocations


You had 9 spell levels left.
You knew the following spells:

 Your Spells              Type           Power      Damage    Failure   Level
a - Beastly Appendage     Tmut           22%        N/A       4%          1

Your spell library contained the following spells:

 Spells                   Type           Power      Damage    Failure   Level
 Wereblood                Tmut           11%        N/A       7%          2
 Spider Form              Tmut/Pois      7%         N/A       26%         3
 Ice Form                 Ice/Tmut       7%         N/A       65%         4


Dungeon Overview and Level Annotations

Branches:
Dungeon (2/15)

Altars:


Innate Abilities, Weirdness & Mutations

You have temporarily grown beastly horns and talons.
You have very sharp teeth.
Your uncanny sense of smell can sniff out nearby items.
Your experience applies equally to all skills.


Message History

There is an open door here.
You open the door.
An adder comes into view.
The adder hisses angrily.
Found a dark potion.
Found a stone staircase leading down.
The adder bites you.
There is an open door here.
You hit the adder.
The adder is lightly wounded.
The adder bites you.
You miss the adder.
The adder is lightly wounded.
The adder barely misses you. x2
You hit the adder.
The adder is lightly wounded.
The adder closely misses you.
You closely miss the adder.
The adder is lightly wounded.
The adder closely misses you.
You hit the adder. You bite the adder, but do no damage.
The adder is heavily wounded.
The adder bites you. x2
You are poisoned.
The adder poisons you!
Casting: Beastly Appendage (safe; 4% risk of failure)
Confirm with . or Enter, or press ? or * to list all spells.
You grow a pair of large bovine horns.
Your feet morph into talons.
You feel sick. The adder bites you.
* * * LOW HITPOINT WARNING * * *
You completely miss the adder.
The adder is heavily wounded.
* * * LOW HITPOINT WARNING * * *
You feel sick. The adder completely misses you.
You miss the adder.
The adder is heavily wounded.
* * * LOW HITPOINT WARNING * * *
You feel sick. The adder closely misses you. x2
You miss the adder. Your kick misses the adder. Your punch misses the adder.
The adder is heavily wounded.
You die...

#.# #...# #.# #...# #.#
#...# #.# #...# #.#
#...# #####.# #...#
#######
#..<#†#####...###.......
..........+...'.@S......
#...#.#####[..###.......
#####.#.......# .!.....
......#.#####.# .......
.######.#####.# .......
.####......##.# .......
.#.........##.# .......
.####.†....##.# ...>...
..............#


You could see an adder.

Vanquished Creatures
  An adder (D:2)
  A ball python (D:1)
  A bat (D:2)
  2 endoplasms (D:1)
  A goblin (D:1)
  A hobgoblin (D:1)
  2 rats (D:1)
9 creatures vanquished.

Notes
Turn   | Place    | Note
-------+----------+-------------------------------------------
     0 | D:1      | themarg the Gnoll Transmuter began the quest for the Orb.
     0 | D:1      | Reached XP level 1. HP: 17/17 MP: 6/6
   509 | D:1      | Reached XP level 2. HP: 19/23 MP: 5/7
  1068 | D:2      | HP: 1/23 [poisoned by an adder]
  1069 | D:2      | Succumbed to an adder's poison

Illustrated notes

Levels and vault maps discovered:
D:1:      psy_arrival_radial01, layout_basic
D:2:      layout_basic, dk_noncrumbling_4

Action                   || total
-------------------------++-------
Melee: Short sword       ||    27
       Kick              ||     4
       Bite              ||     4
       Unarmed           ||     2
       Headbutt          ||     1
 Cast: Beastly Appendage ||     9
 Stab: Sleeping          ||     1
Dodge: Dodged            ||    18
